[Event "EOC-ch Playoff-C 2021"]
[Site "Online"]
[Date "2021.03.29"]
[Round "1.7"]
[White "Jones, Gawain C B"]
[Black "Kazakouski, Valery"]
[Result "1/2-1/2"]
[ECO "B43"]
[WhiteElo "2670"]
[BlackElo "2476"]
[Annotator "RC"]
[PlyCount "92"]
[EventDate "2021.03.29"]
[EventType "team-tourn"]
[EventCountry "NET"]
[SourceTitle "playchess.com"]
[Source "ChessBase"]
[SourceQuality "1"]
[TimeControl "900+5"]

1. e4 c5 2. Nf3 a6 3. g3 b5 4. d4 cxd4 5. Nxd4 Bb7 6. Bg2 Nf6 7. Nc3 e6 8. O-O b4 9. Na4 Bxe4 10. Bxe4 Nxe4 11. c4 Nc5 12. a3 bxa3 13. b4 Nxa4 14. Qxa4 Be7 15. Bxa3 O-O 16. b5 Bxa3 17. Qxa3 d6 18. Rfd1 Qc7 19. Qb4 a5 20. Qb3 Nd7 21. Nc6 a4 22. Qa3 Nc5 23. Ra2 Rfe8 24. Rad2 Nb7 25. Qb4 e5 26. Ra2 Nc5 27. Rd5 e4 28. Qd2 e3 29. fxe3 Ne4 30. Qd4 a3 31. Kg2 h6 32. Qa1 Qc8 33. Rxa3 Qg4 34. Nd4 Rxa3 35. Qxa3 Nf6 36. Rxd6 Qe4+ 37. Nf3 Ng4 38. Qd3 Nxe3+ 39. Kf2 Ng4+ 40. Kg1 Qa8 41. b6 Qa1+ 42. Qd1 Qb2 43. Qd2 Qb1+ 44. Qd1 Qb2 45. Qd2 Qb1+ 46. Qd1 Qb2 1/2-1/2

[Event "EOC-ch Playoff-C 2021"]
[Site "Online"]
[Date "2021.03.29"]
[Round "4.8"]
[White "Murzin, Volodar"]
[Black "Shimanov, Aleksandr"]
[Result "0-1"]
[ECO "C19"]
[WhiteElo "2478"]
[BlackElo "2597"]
[Annotator "ChessBase"]
[PlyCount "168"]
[EventDate "2021.03.29"]
[EventType "team-tourn"]
[EventCountry "NET"]
[SourceTitle "playchess.com"]
[Source "ChessBase"]
[SourceQuality "1"]
[TimeControl "900+5"]

1. e4 e6 2. d4 d5 3. Nc3 Bb4 4. e5 c5 5. a3 Bxc3+ 6. bxc3 Ne7 7. Nf3 b6 8. Bb5+ Bd7 9. Bd3 c4 10. Be2 Ba4 11. h4 Nbc6 12. h5 h6 13. Nh4 Kd7 14. Rh3 Qg8 15. g4 g6 16. hxg6 fxg6 17. Be3 Rf8 18. Qd2 g5 19. Ng2 Ng6 20. f3 Rf7 21. Kf2 Qf8 22. Rah1 a6 23. Kg3 Na7 24. Ra1 Nb5 25. Rh5 Qg7 26. Ra2 Qf8 27. Qe1 Kc7 28. Bd2 Kb7 29. Qc1 Nc7 30. Rb2 Ne8 31. Qb1 b5 32. Qc1 Ng7 33. Rh2 h5 34. Bxg5 hxg4 35. fxg4 Rxh2 36. Kxh2 Rf2 37. Qe3 Rf7 38. Ra2 Qh8+ 39. Kg3 Qh1 40. Qc1 Qh7 41. Ra1 Ne8 42. Ne3 Qg8 43. Ng2 Qf8 44. Qd2 Rh7 45. Bf3 Qh8 46. Qe3 Rh3+ 47. Kf2 Bxc2 48. Nf4 Rh2+ 49. Kg1 Nxf4 50. Qxf4 Rh3 51. Kg2 Rh7 52. Rf1 Bd3 53. Re1 Qg8 54. Bf6 Qg6 55. Qg5 Qf7 56. Kg3 Qf8 57. Ra1 Rf7 58. Bg2 Nxf6 59. exf6 Rxf6 60. Re1 Be4 61. Rxe4 dxe4 62. Bxe4+ Kc7 63. Qe5+ Qd6 64. g5 Qxe5+ 65. dxe5 Rf8 66. g6 Kd7 67. Kg4 Rf1 68. Kg5 Ke7 69. Kh6 Rg1 70. Bb7 a5 71. Bc6 b4 72. axb4 axb4 73. cxb4 c3 74. Be4 Rg4 75. Bc2 Rg2 76. Be4 c2 77. Bxc2 Rxc2 78. Kh7 Rh2+ 79. Kg8 Rb2 80. g7 Rxb4 81. Kh7 Rh4+ 82. Kg8 Rg4 83. Kh7 Kf7 84. Kh8 Rh4# 0-1

[Event "EOC-ch Playoff-C 2021"]
[Site "Online"]
[Date "2021.03.29"]
[Round "5.12"]
[White "Shimanov, Aleksandr"]
[Black "Kazakouski, Valery"]
[Result "1-0"]
[ECO "B23"]
[WhiteElo "2597"]
[BlackElo "2476"]
[Annotator "ChessBase"]
[PlyCount "91"]
[EventDate "2021.03.29"]
[EventType "team-tourn"]
[EventCountry "NET"]
[SourceTitle "playchess.com"]
[Source "ChessBase"]
[SourceQuality "1"]
[TimeControl "900+5"]

1. e4 c5 2. Nc3 a6 3. d4 cxd4 4. Qxd4 Nc6 5. Qe3 g6 6. Bd2 Bg7 7. O-O-O d6 8. Nd5 Nf6 9. Bc3 Ng4 10. Qd2 Bxc3 11. Qxc3 e5 12. Qg3 Nf6 13. Nxf6+ Qxf6 14. Bc4 Be6 15. Bxe6 Qxe6 16. Kb1 Rd8 17. Ne2 d5 18. Qb3 d4 19. Qxe6+ fxe6 20. Nc1 Nb8 21. Nd3 Nd7 22. h4 Ke7 23. f3 Rc8 24. Rh3 Rhg8 25. Rg3 Rcf8 26. Rc1 Rc8 27. Rh1 Rcf8 28. Kc1 Rc8 29. Kd2 Rcf8 30. c3 dxc3+ 31. Kxc3 Rc8+ 32. Kd2 Rgd8 33. Ke3 Nf6 34. Rg5 Rc2 35. Rxe5 Nh5 36. g4 Ng3 37. Re1 Kf6 38. Ra5 Rh2 39. Rc5 Rd7 40. Ne5 Rdd2 41. g5+ Ke7 42. Rc7+ Ke8 43. Rxh7 Rxb2 44. Nxg6 Rxa2 45. Rd1 Rhe2+ 46. Kf4 1-0